Unix NetHack Version 5.0.0-0 post-release - last build May 10 2026 23:12:36 (d1fa5d53e341ca933230fdaa984d921c805b60aa,branch:main).

Game began 2026-05-10 20:36:21, ended 2026-05-13 01:46:29.

Brudee, neutral female human Tourist

 }}}}}       }}}}}}}}}}}}}}}}}}}}}}}}}}}}}}}}}}}}}}}}}}}}}}}}}}}}}}}}}}}}}}}}}
 }.}.}       }..*.[..............}$}........$....}...}..W%.....}...}.}.......}
 }}}.}       }}}}}}}}}}}.}}}}}}}.}.}.}}}}}}}}}.}.}.}.}}}.}}}.}.}.}}}.}^}}}}}.}
 }...}             }$....}...[.....}.....}...}.}...}...}...}.}.}...}...}.}...}
 }.}.} }}}}    }}}.}.}}}}}}}.}}}}}}}}}}}.}.}.}.}}}}}}}.}}}}}.}.}.}.}}}}}.}*}}}
 }W}.} }..     }.}.}....C..}.}(..........}.}.}.}.$.}.[.......}.}.}.}.....}.}.}
 }.}}}}}.}}}   }}}}}}}}}}}.}}}.}}}}}}}}}.}.}.}.}^}.}.}}}}}}}}}.}.}.}.}}}}}.}.}
 }...}.....}   }.}.......$.....} }.....}c}.}.}...}.}.}.^.} }.%.}.}.}.}.....}.}
 }%}.}.}}}.}}}}}.}...........}}} }.}}}.}.}.}.}}}}}.}}}.}.} }.}}}}}.}.}.}}}}}.}
 }.}.....}..^.0}.............}   }.}}..}0}.}.}...}.}...}.}.........}...}}....}
 }.}}}}}}}.}}}}}.}...####.%..}}  }.}.}}}}}}}.}.}}}.}.}}}.}}}}}}}}}}}.}}}.}E}.}
 }...}.}...}%..[.}...#.*#......  }.}.}.....}...}.%.}.}.}.}<..}.....}...}.}.}.}
 }}}.}.}}}}}.}.}}}...#..#...}}}}}}.}.}}}.}}}}}}}}}}}.}&}.}.}.}.}%}}}}}.}.}.}.}
 }...}.}...&.}...}...####....}...}.}...}...}...}...}.}.}.}.}.}.}.}..}..}.}.}$}
 }.}}}.}.}}}}}}}}}...>.......}.}.}.}}}.}.}.}.}}}}}.}.}.}.}.}.}}}$}.}}}}}.}$}}}
 }.}.}.}*q.}.....}...........}.}...}..%}.}...}...}.....}*.[}(}}..}.}...}.}}..}
 }.}.}.}}}.}}}.}.}...$.......}.}}}}}.}}}}}}}}}.}.}}}}}}}}}}}.}.}}}.}.}.}}}}}.}
 }...}.....}}..}.}.....}.......}...............}...D@.......}}.......}.....v.}
 }}}}}}}}}}}}}}}}}}}}}}}}}}}}}}}}}}}}}}}}}}}}}}}}}}}}}}}}}}}}}}}}}}}}}}}}}}}}}
Brudee the Journeyer        St:18/49 Dx:20 Co:18 In:18 Wi:18 Ch:18  Neutral S:1487156
Dlvl:47 $:108 HP:0(190) Pw:59(93) AC:-40 Xp:19/2601095 T:49092  Satiated Fly

Latest messages:
 Where do you and the saddled yellow dragon want to be teleported?
 (For instructions type a '?')
 You materialize in a different location!
 You fly down the stairs.
 Where do you and the saddled yellow dragon want to be teleported?
 (For instructions type a '?')
 You materialize in a different location!
 You fly down the stairs.
 It is cold here.
 Showing known terrain only...
 (For instructions type a '?')
 A foul stench makes you feel a little nauseated.
 There is solid ice here.
 You see here a candle.
 What do you want to use or apply? [beikuDORXZ or ?*] u
 Nothing happens.
 The invisible stalker misses!
 You hit the invisible stalker!
 You hit the invisible stalker!
 The invisible stalker misses!
 Vorpal Blade decapitates the invisible stalker!
 You kill the invisible stalker!
 You hit the giant zombie!
 You hit the giant zombie!
 You hit the giant zombie!
 You hit the giant zombie!
 The giant zombie misses!
 The giant zombie misses!
 Vorpal Blade beheads the giant zombie!
 You destroy the giant zombie!
 You've been through the dungeon on a yellow dragon with no name.
 There is a giant corpse here; eat it? [ynq] (n) y
 This giant corpse is tough.
 Where do you want to be teleported?
 (For instructions type a '?')
 You materialize in the same location!
 You smell body odor.
 You're having a hard time getting all of it down.
 You're finally finished.
 There is a stalker corpse here; eat it? [ynq] (n) y
 This stalker corpse is tough.
 You're having a hard time getting all of it down.
 Continue eating? [yn] (n) y
 You choke over your food.
 You die...
 Do you want your possessions identified? [ynq] (y) y
 Do you want to see your attributes? [ynq] (y) y
 Do you want an account of creatures vanquished? [ynaq] (y) y
 Do you want a list of species genocided and extinct? [ynaq] (y) y
 Do you want to see your conduct and achievements? [ynq] (y) q

Inventory:
 Coins    ('$')
  $ - 108 gold pieces
 Amulets  ('"')
  M - a blessed amulet of flying (being worn)
 Weapons  (')')
  d - a blessed +5 silver saber (wielded in left hand)
  E - the blessed rustproof +5 Vorpal Blade (wielded in right hand)
 Armor    ('[')
  A - a blessed fireproof +8 elven leather helm (being worn)
  H - a blessed greased fireproof +4 pair of gauntlets of dexterity (being worn)
  v - a blessed fireproof +3 pair of speed boots (being worn)
  t - a blessed fireproof +5 oilskin cloak (being worn)
  B - a blessed fireproof +4 Hawaiian shirt with a jellyfish motif (being worn)
  x - a blessed rotproof +4 gold dragon scale mail (being worn, radiantly lit)
 Spellbooks  ('+')
  O - the uncursed Book of the Dead
 Potions  ('!')
  F - an uncursed potion of paralysis
 Rings    ('=')
  K - a blessed ring of free action (on left hand)
  y - a blessed ring of slow digestion (on right hand)
 Wands    ('/')
  R - a wand of death (0:3)
  e - a wand of digging (1:5)
 Tools    ('(')
  i - a blessed bag of holding containing 91 items
  X - the cursed Bell of Opening (0:3)
  D - the uncursed Candelabrum of Invocation (0 of 7 candles attached)
  b - the blessed Orb of Fate (0:7)
  Z - the blessed Platinum Yendorian Express Card
  k - a blessed stethoscope
  u - a blessed +0 unicorn horn

Contents of the bag of holding:
  an uncursed amulet of guarding
  a blessed amulet of life saving
  an uncursed amulet of magical breathing
  a cursed amulet of reflection
  23 +2 darts
  a blessed +6 worm tooth
  the blessed rustproof +5 Trollsbane
  a cursed -3 helm of opposite alignment
  an uncursed fireproof +0 pair of jumping boots
  a blessed +3 shield of reflection
  a blessed very burnt +2 cloak of magic resistance
  an uncursed thoroughly burnt +1 robe
  a blessed greased rotproof +4 blue dragon scale mail
  an uncursed slime mold
  3 uncursed apples
  an uncursed partly eaten food ration
  5 uncursed food rations
  2 uncursed lembas wafers
  2 uncursed lumps of royal jelly
  an uncursed sprig of wolfsbane
  2 uncursed tripe rations
  4 uncursed eggs
  an uncursed lizard corpse
  an uncursed lizard corpse
  2 blessed scrolls of blank paper
  a blessed scroll of charging
  a blessed scroll of destroy armor
  an uncursed scroll of earth
  2 uncursed scrolls of enchant weapon
  2 uncursed scrolls of fire
  2 blessed scrolls of genocide
  a blessed scroll of gold detection
  4 uncursed scrolls of gold detection
  a blessed scroll of light
  a cursed scroll of magic mapping
  a blessed scroll of scare monster
  4 blessed scrolls of taming
  3 blessed scrolls of teleportation
  14 uncursed scrolls of teleportation
  an uncursed spellbook of extra healing
  a blessed spellbook of restore ability
  an uncursed potion of booze
  an uncursed potion of extra healing
  6 uncursed potions of fruit juice
  an uncursed potion of gain energy
  a blessed potion of paralysis
  7 potions of holy water
  3 potions of unholy water
  a cursed ring of conflict
  an uncursed +1 ring of increase accuracy
  an uncursed ring of poison resistance
  an uncursed ring of polymorph control
  an uncursed ring of regeneration
  a blessed ring of stealth
  an uncursed ring of sustain ability
  a blessed ring of teleport control
  a wand of cold (0:8)
  a wand of cold (0:6)
  a wand of death (0:8)
  a wand of death (1:4)
  a blessed wand of digging (0:8)
  a wand of digging (0:5)
  a wand of digging (0:3)
  a wand of digging (0:0)
  a wand of enlightenment (0:10)
  a wand of fire (0:7)
  a cursed wand of fire (0:6)
  a wand of magic missile (0:7)
  a blessed wand of polymorph (1:2)
  a cursed wand of probing (0:7)
  a wand of secret door detection (0:13)
  a wand of speed monster (0:3)
  a wand of speed monster (0:2)
  a cursed wand of speed monster (0:2)
  a wand of stasis (0:3)
  a wand of striking (0:4)
  a wand of striking (0:2)
  a wand of teleportation (0:4)
  a wand of undead turning (0:5)
  a blessed horn of plenty (0:11)
  a blessed leash
  an uncursed magic whistle
  a +0 pick-axe
  7 uncursed tallow candles
  a blessed towel
  3 uncursed amethyst stones
  7 uncursed diamonds
  4 uncursed emeralds
  4 uncursed rubies
  a blessed luckstone
  a blessed touchstone

Brudee the Tourist's attributes:

Background:
 You were a Journeyer, a level 19 female human Tourist.
 You were neutral, on a mission for The Lady
 who was opposed by Blind Io (lawful) and Offler (chaotic).
 You were right-handed.
 You were in Gehennom, on level 47.
 You entered the dungeon 49092 turns ago.
 It was nighttime.
 You had 2601095 experience points, 2518905 more were needed for level 20.
 Your score was 1487156 before end-of-game adjustments.

Basics:
 You had 0 out of 190 hit points.
 You had 59 out of 93 energy points (spell power).
 Your armor class was -40.
 Your wallet contained 108 zorkmids.
 Autopickup was off.

Final Characteristics:
 Your strength was 18/49 (limit:18/100).
 Your dexterity was 20 (base:16, peak:18, innate limit:18).
 Your constitution was 18 (limit:18).
 Your intelligence was 18 (limit:18).
 Your wisdom was 18 (limit:18).
 Your charisma was 18 (limit:18).

Final Status:
 You were flying.
 You were satiated.
 You were unencumbered.
 You were wielding two weapons at once.
 Your two weapon skill was limited by being basic with long sword.
 You were skilled in saber and two weapons.

Final Attributes:
 You were piously aligned.
 You were magic-protected.
 You were fire resistant.
 You were cold resistant.
 You were sleep resistant.
 You were disintegration resistant.
 You were shock resistant.
 You were poison resistant.
 You resisted hallucinations.
 You saw invisible.
 You were telepathic.
 You were warned.
 You had automatic searching.
 You could teleport.
 You had teleport control.
 You had slower digestion.
 You had a moderate defense bonus (+9).
 You were guarded.
 You took half physical damage.
 You took half spell damage.
 You were very fast.
 You had free action.
 You were lucky.
 You had extra luck.
 Good luck did not time out for you.
 You are dead.

Miscellaneous:
 You encountered 1 bones level.
 Total elapsed playing time was 18 hours, 15 minutes and 46 seconds.

Major events:
 Turn
    1: Brudee the neutral female human Tourist entered the dungeon
  948: entered the Gnomish Mines
 2943: attained the rank of Sightseer (level 3)
 3024: was bestowed with Trollsbane by The Lady
 3696: reached Mine Town
 3857: attained the rank of Excursionist (level 6)
 3999: made her first wish - "blessed greased fixed +2 blue dragon scale mail", got "a greased blue dragon scale mail"
 5640: acquired the Mines' End luckstone
 7101: was bestowed with Vorpal Blade by The Lady
 7625: entered Sokoban
 7790: completed 1st Sokoban level
 8049: completed 2nd Sokoban level
 8297: completed 3rd Sokoban level
 9021: completed 4th Sokoban level
 9050: attained the rank of Peregrinatrix (level 10)
 9145: acquired the Sokoban amulet of reflection
10167: killed Njezjin, the liquor emporium proprietor
10543: killed Banjoewangi, the delicatessen proprietor
10562: killed Hyeghu, the hardware store proprietor
10609: killed Kopasker, the general store proprietrix
10676: killed Izchak, the lighting store proprietor
13299: entered the Bigroom
14485: attained the rank of Traveler (level 14)
15099: killed Croesus
20276: killed Medusa
21072: made her first artifact wish - "The Orb of Fate", got "a glass orb named the Orb of Fate"
21075: wished for "uncursed magic marker (99)", got "a magic marker"
21235: wished for "uncursed magic marker (90)", got "a magic marker"
23784: entered Home 1, the Quest
23959: Twoflower has granted access to proceed deeper into the quest
23963: entered Home 2, the Quest
24224: entered Home 3, the Quest
24492: entered Home 4, the Quest
24601: entered Home 5, the Quest
24687: entered Home 6, the Quest
25103: found the Platinum Yendorian Express Card on the floor
25203: killed the Master of Thieves
25205: acquired the Bell of Opening
30574: wished for "blessed greased fixed +2 gauntlets of dexterity", got "a greased pair of padded gloves"
31601: entered Gehennom
34114: killed Asmodeus
34188: performed her first genocide (class L)
34397: killed Juiblex
36728: killed Orcus
36983: killed Yeenoghu
44377: killed Baalzebub
45042: destroyed Vlad the Impaler
45045: acquired the Candelabrum of Invocation
45067: wished for "uncursed magic marker (99)", got "a magic marker"
45578: attained the rank of Journeyer (level 18)
48814: killed the Wizard of Yendor
48815: acquired the Book of the Dead
48903: killed the Wizard of Yendor (2nd time)
49092: choked on a stalker corpse

Spells:
 Name                 Level Category     Fail Retention
 knock                  1   matter         0%  76%-100%
 light                  1   divination     0%   81%-90%
 healing                1   healing        0%  76%-100%
 sleep                  3   enchantment    0%    (gone)
 magic mapping          5   divination    74%   51%-60%
 dig                    5   matter       100%    (gone)
 cure sickness          3   healing       64%    (gone)
 slow monster           2   enchantment    0%    (gone)
 invisibility           4   escape        86%    1%-25%
 create familiar        6   clerical     100%    (gone)
 cancellation           7   matter       100%    (gone)
 identify               3   divination     0%   11%-20%
 cause fear             3   enchantment    0%    (gone)
 teleport away          6   escape       100%    1%-25%
 restore ability        4   healing       89%   51%-75%
 haste self             3   escape        59%    1%-25%
 charm monster          5   enchantment   62%  91%-100%
 detect monsters        1   divination     0%   11%-20%
 extra healing          3   healing       64%    1%-25%
 turn undead            6   clerical     100%  76%-100%
 clairvoyance           3   divination     0%  91%-100%

Skills:
 Fighting Skills
   bare handed combat [Basic]
   two weapon combat  [Skilled]
   riding             [Basic]
 Weapon Skills
   dagger             [Unskilled]
   knife              [Skilled]
   axe                [Unskilled]
   pick-axe           [Basic]
   short sword        [Unskilled]
   broadsword         [Unskilled]
   long sword         [Basic]
   two-handed sword   [Unskilled]
   saber              [Skilled]
   mace               [Unskilled]
   morning star       [Basic]
   flail              [Unskilled]
   hammer             [Unskilled]
   quarterstaff       [Unskilled]
   polearms           [Unskilled]
   spear              [Unskilled]
   trident            [Unskilled]
   lance              [Unskilled]
   bow                [Unskilled]
   sling              [Unskilled]
   crossbow           [Unskilled]
   dart               [Basic]
   shuriken           [Unskilled]
   boomerang          [Unskilled]
   whip               [Unskilled]
   unicorn horn       [Unskilled]
 Spellcasting Skills
   divination spells  [Basic]
   enchantment spells [Basic]
   escape spells      [Unskilled]

Voluntary challenges:
 Character rerolling was not enabled.
 You genocided 4 types of monsters.
 You never changed form.
 You used 6 wishes (1 for an artifact).
 You violated the special Sokoban rules once.
Achievements:
 You entered a shop.
 You entered the Gnomish Mines.
 You attained the rank of Sightseer.
 You entered Minetown.
 You entered a temple.
 You attained the rank of Excursionist.
 You completed the Gnomish Mines.
 You entered Sokoban.
 You attained the rank of Peregrinatrix.
 You completed Sokoban.
 You entered the Big Room.
 You attained the rank of Traveler.
 You defeated Medusa.
 You had the Bell of Opening.
 You entered Gehennom.
 You had the Candelabrum of Invocation.
 You attained the rank of Journeyer.
 You had the Book of the Dead.

 The Dungeons of Doom: levels 1 to 29
    Level 1:
       A fountain.
    Level 2:
       A potion shop, an altar to The Lady.
    Level 3:
       A potion shop, a fountain.
       Stairs down to The Gnomish Mines.
    Level 4:
       Some fountains.
    Level 5:
       Many fountains.
       Oracle of Delphi.
    Level 6: "FRIENDLY UNICORN"
       Stairs up to Sokoban, level 5.
    Level 7:
    Level 8:
       Some fountains.
    Level 9:
       Final resting place for
          2461479678-Val-Hum-Fem-Cha, killed by a chameleon imitating a cobra, while frozen by a floating eye's gaze.
    Level 10:
       A general store.
    Level 11:
       Many altars.
    Level 12:
       A very big room.
       Portal to The Quest.
    Level 13:
    Level 14:
       A fountain.
       Portal to Fort Ludios.
    Level 15:
       A primitive area.
    Level 16:
       A fountain.
    Level 17:
    Level 18:
    Level 19:
       A sink.
    Level 20:
       Some fountains.
    Level 21:
       A temple and an altar to The Lady.
    Level 22:
    Level 23:
    Level 24:
       A throne, a grave.
    Level 25:
       A fountain.
    Level 26:
       A fountain.
    Level 27:
       A fountain, a grave.
    Level 28:
       Some fountains, many trees.
    Level 29:
       A throne, a fountain.
       The castle.
 Gehennom: levels 30 to 49
    Level 30:
       A temple and an altar, many graves.
       Valley of the Dead.
    Level 31:
    Level 32:
    Level 33:
    Level 34:
    Level 35:
       A fountain.
    Level 36:
    Level 37:
    Level 38:
    Level 39:
    Level 40:
       Stairs up to Vlad's Tower, level 39.
    Level 41:
       Some shops, an altar, some graves.
    Level 42:
    Level 43:
    Level 44:
    Level 45:
    Level 46:
    Level 47: <- You were here.
       Final resting place for
          you, choked on a stalker corpse.
    Level 48:
    Level 49:
       Gateway to Moloch's Sanctum.
 The Gnomish Mines: levels 4 to 12
    Level 4:
    Level 5:
    Level 6:
       Many shops, a temple and an altar to The Lady, a fountain.
    Level 7:
    Level 8:
    Level 9:
    Level 10:
    Level 11:
    Level 12:
       A fountain.
 The Quest: levels 1 to 6
    Level 1:
       A throne, many graves.
       Completed quest for Twoflower.
    Level 2:
    Level 3:
       Some shops, a temple, some graves.
    Level 4:
    Level 5:
    Level 6:
       Some shops, a grave.
 Sokoban: levels 5 up to 2
    Level 2:
       Solved.
    Level 3:
       Solved.
    Level 4:
       Solved.
    Level 5:
       Solved.
 Fort Ludios:
    Level 1:
       Fort Ludios.
 Vlad's Tower: levels 39 up to 37
    Level 37:
    Level 38:
    Level 39:


Vanquished creatures:
    Asmodeus
    Baalzebub
    Orcus
    Yeenoghu
 an erinys
    Juiblex
the Wizard of Yendor (twice)
    Vlad the Impaler
  a mastodon
    Medusa
    Croesus
  8 krakens
the Master of Thieves
  4 iron golems
  5 master liches
  6 storm giants
  a titan
  2 glass golems
  4 balrogs
  5 purple worms
  2 gray dragons
  2 gold dragons
 11 red dragons
  3 white dragons
 an orange dragon
  4 black dragons
  2 blue dragons
  3 green dragons
  4 yellow dragons
 23 minotaurs
  3 jabberwocks
  5 baluchitheria
  a demilich
  2 stone golems
  4 master mind flayers
  4 Olog-hai
  2 Nazgul
 16 pit fiends
  4 sandestins
 13 hell hounds
  4 displacer beasts
  6 titanotheres
  7 trappers
  4 baby red dragons
  a baby yellow dragon
  2 guardian nagas
  4 genetic engineers
  7 disenchanters
 23 vampire leaders
  8 skeletons
  5 shopkeepers
 an aligned cleric
  9 captains
  6 shades
  6 liches
  a clay golem
 12 nurses
 14 ice devils
 10 nalfeshnees
  6 lurkers above
  3 ettins
  2 golden nagas
  2 black puddings
 23 vampires
  9 lieutenants
 40 ghosts
  4 queen bees
  5 winged gargoyles
 20 giant mimics
 13 long worms
  7 zruties
  a fire giant
 12 ogre tyrants
  5 ice trolls
  4 rock trolls
  4 umber hulks
  6 flesh golems
  5 elven monarchs
  4 doppelgangers
 18 hezrous
  6 bone devils
  7 large mimics
  4 wumpuses
  5 fire vortices
  2 couatls
 10 stalkers
  4 air elementals
  3 fire elementals
  3 earth elementals
  2 water elementals
  9 hill giants
  3 giant mummies
  9 black nagas
 13 xorns
 15 giant zombies
  6 elf-nobles
 31 sergeants
  6 barbed devils
 25 vrocks
  9 salamanders
 13 wargs
  3 winter wolves
 17 hell hound pups
 22 small mimics
  3 glass piercers
  7 warhorses
 12 steam vortices
  7 xans
  6 ettin mummies
 11 ogre leaders
 13 quantum mechanics
 13 trolls
  6 wood golems
 15 mariliths
  4 sharks
 11 gelatinous cubes
  4 pyrolisks
  2 large dogs
  a freezing sphere
 11 flaming spheres
  8 shocking spheres
  4 large cats
  4 tigers
  5 gargoyles
  3 dwarf rulers
 13 tengu
  7 ochre jellies
 12 leocrottas
  5 energy vortices
  7 mountain centaurs
 11 stone giants
 10 elf mummies
  5 human mummies
 16 red nagas
  2 green slimes
  6 pythons
  8 pit vipers
  6 cobras
 40 wraiths
  5 carnivorous apes
 25 ettin zombies
  3 leather golems
 10 Grey-elves
120 soldiers
  5 watchmen
 14 amorous demons
  6 horned devils
  8 chameleons
  3 crocodiles
  8 giant beetles
  8 quivering blobs
 20 cockatrices
  9 wolves
 14 winter wolf cubs
  4 lynxes
  3 panthers
  4 gremlins
  2 spotted jellies
 44 leprechauns
  2 orc-captains
  3 iron piercers
  7 mumakil
154 giant spiders
  8 scorpions
  5 horses
 an ice vortex
 16 black lights
  7 vampire bats
 42 forest centaurs
  7 gnome rulers
  4 orc mummies
  8 dwarf mummies
 10 ogres
 11 brown puddings
 12 rust monsters
  9 owlbears
  9 yetis
  5 gold golems
  a werewolf
 11 Green-elves
  3 piranha
 20 giant eels
 12 lizards
  3 chickatrices
  2 dogs
  3 jaguars
  3 dwarf leaders
  6 blue jellies
  4 white unicorns
  a gray unicorn
  2 black unicorns
  3 dust vortices
  9 ravens
  6 plains centaurs
  a Kop Kaptain
  3 gnome mummies
 10 snakes
 an ape
 27 human zombies
  6 rope golems
 10 Woodland-elves
 10 soldier ants
 11 fire ants
 18 bugbears
 an imp
  3 lemures
  6 quasits
  3 wood nymphs
  5 water nymphs
  4 mountain nymphs
 24 Mordor orcs
 26 Uruk-hai
  3 orc shamans
  9 rock piercers
  6 rock moles
  3 ponies
  4 fog clouds
  8 yellow lights
  8 violet fungi
 33 gnome leaders
 11 gnomish wizards
  4 Kop Lieutenants
  2 kobold mummies
  2 black naga hatchlings
  8 gray oozes
  4 barrow wights
 24 elf zombies
 16 ghouls
  4 jellyfish
 16 giant ants
  a little dog
  8 floating eyes
  a kitten
 25 dwarves
  2 homunculi
  a kobold leader
  2 kobold shamans
 26 hill orcs
 10 rothes
  5 rabid rats
  6 centipedes
  6 giant bats
 15 orc zombies
  9 dwarf zombies
  a wererat
  a werejackal
 12 iguanas
 91 killer bees
  3 acid blobs
  6 coyotes
  3 gas spores
  7 hobbits
  4 manes
  a large kobold
 17 hobgoblins
  2 giant rats
 21 cave spiders
  a brown mold
  5 yellow molds
  3 green molds
 60 gnomes
  6 Keystone Kops
 11 garter snakes
 12 gnome zombies
  5 geckos
  5 jackals
  3 foxes
  4 kobolds
 11 goblins
  3 sewer rats
  3 grid bugs
  2 bats
  6 lichens
 14 kobold zombies
 18 newts
2521 creatures vanquished.

Genocided or extinct species:
 arch-liches
 master liches
 demiliches
 liches
 soldiers (extinct)
 giant spiders (extinct)
4 species genocided.
2 species extinct.

Game over:
                       ----------
                      /          \
                     /    REST    \
                    /      IN      \
                   /     PEACE      \
                  /                  \
                  |      Brudee      |
                  |      108 Au      |
                  |   choked on a    |
                  |  stalker corpse  |
                  |                  |
                  |                  |
                  |       2026       |
                 *|     *  *  *      | *
        _________)/\\_//(\/(/\)/\//\/|_)_______

Aloha Brudee the Tourist...

You choked in Gehennom on dungeon level 47 with 1487156 points,
and 108 pieces of gold, after 49092 moves.
You were level 19 with a maximum of 190 hit points when you choked.

